 Dungeon Crawl Stone Soup version 0.19-a0-1166-g02d67b9 (webtiles) character file.

85 JustSomeDude the Skirmisher (level 4, -5/36 HPs)
             Began as a Demonspawn Fighter on Aug 14, 2016.
             Slain by a gnoll
             ... wielding a +0 halberd
              (11 damage)
             ... on level 2 of the Dungeon.
             The game lasted 00:02:55 (1223 turns).

JustSomeDude the Skirmisher (Demonspawn Fighter)    Turns: 1223, Time: 00:02:55

Health: -5/36      AC:  6    Str: 18    XL:     4   Next: 25%
Magic:  4/4        EV:  8    Int:  9    God:
Gold:   55         SH:  9    Dex: 12    Spells: 0 memorised, 3 levels left

rFire  . . .     SeeInvis .     a - +0 trident
rCold  . . .     Gourm    .     b - +0 scale mail
rNeg   . . .     Faith    .     c - +0 shield
rPois  .         Spirit   .     (no helmet)
rElec  .         Dismiss  .     (no cloak)
rCorr  .         Reflect  .     (no gloves)
MR     .....     Harm     .     (no boots)
Stlth  ..........               (no amulet)
                                (no ring)
                                (no ring)

@: no status effects
A: demonic guardian 1, sturdy frame 2
a: no special abilities


You were on level 2 of the Dungeon.
You were hungry.

You visited 1 branch of the dungeon, and saw 2 of its levels.

You collected 55 gold pieces.

Inventory:

Hand Weapons
 a - a +0 trident (weapon)
Missiles
 e - 7 tomahawks of dispersal (quivered)
 k - 6 javelins
Armour
 b - a +0 scale mail (worn)
 c - a +0 shield (worn)
Scrolls
 l - a scroll of blinking {unknown}
 m - a scroll of teleportation {unknown}
Potions
 d - a potion of might
 g - a potion of lignification {unknown}
 h - 2 potions of magic {unknown}
 i - a potion of berserk rage {unknown}
 j - a potion of ambrosia {unknown}
 o - a potion of haste {unknown}
 p - a potion of curing {unknown}
Comestibles
 f - 3 bread rations


   Skills:
 + Level 3.6 Fighting
 + Level 2.2 Polearms
 + Level 3.2 Armour
 + Level 1.0 Dodging
 + Level 3.2 Shields


You had 3 spell levels left.
You didn't know any spells.

Dungeon Overview and Level Annotations

Branches:
Dungeon (2/15)

Altars:


Innate Abilities, Weirdness & Mutations

A weak demonic guardian rushes to your aid.
Your movements are less encumbered by armour. (ER -4)


Message History

The gnoll hits you from afar with a halberd.
* * * LOW HITPOINT WARNING * * *
You are too injured to fight recklessly!
The gnoll hits you from afar with a halberd.
* * * LOW HITPOINT WARNING * * *
You are too injured to fight recklessly!
You are too injured to fight recklessly!
Attack whom?
Press: ? - help, Dir - move target cursor, f/p - gnoll
Aim: a gnoll, wielding a halberd (almost dead)
You could not reach far enough!
You are feeling hungry.
Your white imp hits the gnoll but does no damage.
The gnoll closely misses you.
Attack whom?
Press: ? - help, Dir - move target cursor, f/p - gnoll
Aim: a gnoll, wielding a halberd (almost dead)
You could not reach far enough!
Your white imp barely misses the gnoll.
The gnoll hits you from afar with a halberd!
You die...

#.##.#... #<##.#.##
#.##..<## #........
##....###
#######)#.###
##.).....#...#
#####..#####...#.##
#.@...## #..#....
#5##### #..#....
#g# #..#.... .g#
#..#.... .###
###..##### ..
#>.....# #.
#......# ##
#......# #......#


You could see 2 gnolls and a friendly white imp.

Vanquished Creatures
  A gnoll (D:2)
  2 adders (D:2)
  2 oozes (D:1)
  A dart slug (D:1)
  A ball python (D:1)
  3 giant cockroaches (D:1)
  4 goblins
  5 hobgoblins
  2 jackals (D:2)
  A quokka (D:2)
  5 bats
  4 giant newts (D:1)
  6 kobolds
  5 rats
42 creatures vanquished.

Vanquished Creatures (collateral kills)
  A gnoll (D:2)
1 creature vanquished.

Grand Total: 43 creatures vanquished

Notes
Turn   | Place    | Note
-------+----------+-------------------------------------------
     0 | D:1      | JustSomeDude the Demonspawn Fighter began the quest for the Orb.
     0 | D:1      | Reached XP level 1. HP: 18/18 MP: 1/1
    54 | D:1      | Gained mutation: A weak demonic guardian rushes to your aid. [demonic ancestry]
    54 | D:1      | Reached XP level 2. HP: 23/24 MP: 2/2
   387 | D:1      | Gained mutation: Your movements are slightly less encumbered by armour. (ER -2) [demonic ancestry]
   387 | D:1      | Reached XP level 3. HP: 29/29 MP: 3/3
   925 | D:2      | Reached skill level 1 in Dodging
   925 | D:2      | Gained mutation: Your movements are less encumbered by armour. (ER -4) [demonic ancestry]
   925 | D:2      | Reached XP level 4. HP: 17/36 MP: 4/4
  1223 | D:2      | Slain by a gnoll

Vault maps used:
D:1:      erik_arrival_gehennom
D:2:      first_bread, hex_intersection

Skill      XL: |  1  2  3 |
---------------+----------+-----
Shields        | 3 |  3.2
Polearms       | 2 |  2.2
Armour         | 3 |  3.2
Dodging        | 1 |  1.0
Fighting       | |  3.6

Action                   |  1- 3 |  4- 6 || total
-------------------------+-------+-------++-------
Melee: Trident           |   179 |     9 ||   188
  Eat: Chunk             |       |     1 ||     1
Armor: Scale mail        |    71 |     2 ||    73
Dodge: Dodged            |    49 |     5 ||    54
Block: Shield            |    74 |     4 ||    78
